 Dungeon Crawl Stone Soup version 0.32-a0-485-g70f7560b1c (webtiles) character file.

Game seed: 17232415086116711269

3646 cforsyth the Cleaver (level 10, -2/121 (123) HPs)
             Began as a Coglin Gladiator on Feb 26, 2024.
             Was an Initiate of the Shining One.
             Slain by a purple ugly thing (10 damage)
             ... on level 8 of the Dungeon.
             The game lasted 00:15:02 (9039 turns).

cforsyth the Cleaver (Coglin Gladiator)             Turns: 9039, Time: 00:15:02

HP:   -2/121 (123)  AC: 25    Str: 18    XL:     10   Next: 12%
MP:   10/10         EV:  2    Int:  7    God:    the Shining One [......]
Gold: 295           SH:  0    Dex: 17    Spells: 9/9 levels left

rFire   + . .        a - +0 war axe {Minjun}
rCold   + . .        z - +1 dagger (speed) {Genichi}
rNeg    . . .        b - melded +0 leather armour
rPois   +            c - melded +0 helmet
rElec   +            v - melded +1 cloak
rCorr   +            g - melded +0 pair of gloves
SInv    .            u - melded +0 pair of boots
Will    +....        (no amulet)
Stlth   +            (no ring)
HPRegen 0.40/turn    (no ring)
MPRegen 0.12/turn

%: no passive effects
@: mighty, tree-form, resistant, attractive, enlightened, glowing, lightly
drained, revving
A: stationary, stasis, torment immunity, boosted hp, off-hand wielding, slow
wielding, warmup strikes, (no rings)
a: Renounce Religion


You were on level 8 of the Dungeon.
You worshipped the Shining One.
The Shining One was noncommittal.
You were a tree.
You visited 2 branches of the dungeon, and saw 9 of its levels.

You collected 295 gold pieces.


Innate Abilities, Weirdness & Mutations

You are a tree.
Your roots penetrate the ground, keeping you stationary.
You cannot be teleported.
You are immune to unholy pain and torment.
Your maximum health is greatly increased.
Your equipment is partially melded.
You can wield a second weapon in your off-hand.
It takes a long time for you to wield or remove held weapons.
Your first few attacks do less damage.
((Your grasper-arms cannot wear rings.))


   Skills:
 + Level 8.5 Fighting
 + Level 8.7 Axes
 - Level 1.7 Throwing
 + Level 7.4 Armour
 - Level 2.6 Dodging


You had 9 spell levels left.
You didn't know any spells.
Your spell library contained the following spells:

 Spells                   Type           Power      Damage    Failure   Level
 Ensorcelled Hibernation  Hex/Ice        0%         N/A       56%         2
 Lesser Beckoning         Tloc           0%         N/A       56%         2
 Frozen Ramparts          Ice            0%         1d1       80%         3
 Gell's Gravitas          Tloc           0%         N/A       80%         3
 Hailstorm                Conj/Ice       0%         3d5       80%         3
 Teleport Other           Tloc           0%         N/A       80%         3
 Volatile Blastmotes      Fire/Tloc      0%         2d10      80%         3
 Fulminant Prism          Conj/Alch      0%         3d5       99%         4
 Iskenderun's Mystic Bla  Conj/Tloc      0%         2d3       99%         4
 Leda's Liquefaction      Alch/Erth      0%         N/A       99%         4
 Petrify                  Alch/Erth      0%         N/A       99%         4
 Metabolic Englaciation   Hex/Ice        0%         N/A       100%        5
 Silence                  Hex/Air        0%         N/A       100%        5
 Polar Vortex             Ice            0%         N/A       100%        9

Inventory:

Hand Weapons
 a - a +0 war axe (weapon) {Minjun}
 z - a +1 dagger of speed (offhand) {Genichi}
Missiles
 d - 3 throwing nets (quivered) {=f}
 e - a javelin
Armour
 b - a +0 leather armour (melded)
 c - a +0 helmet (melded)
 g - a +0 pair of gloves (melded)
 u - a +0 pair of boots (melded)
 v - a +1 cloak (melded)
 F - a scarf of resistance
Magical Staves
 o - a staff of conjuration {!a}
Wands
 m - a wand of iceblast (3)
Scrolls
 i - a scroll of fog {unknown}
 j - a scroll of revelation
 k - a scroll of fear {unknown}
 t - 2 scrolls of enchant weapon
 w - a scroll of acquirement {unknown}
 y - a scroll of immolation {unknown}
 A - a scroll of blinking {unknown}
 C - a scroll of poison
 D - a scroll of noise {unknown}
 E - a scroll of brand weapon {unknown}
 G - a scroll of amnesia
 H - a scroll of teleportation {@r2}
Potions
 f - a potion of resistance
 h - a potion of curing {@q1}
 l - a potion of degeneration {unknown}
 n - 4 potions of mutation
 p - a potion of enlightenment
 q - a potion of lignification
 r - a potion of attraction
 s - 2 potions of brilliance
 B - a potion of magic {unknown}

Dungeon Overview and Level Annotations

Branches:
Dungeon (8/15)             Temple (1/1) D:7
   Lair: D:8-11

Altars:
Ashenzari
Cheibriados
Dithmenos
Elyvilon
Fedhas
Gozag
Hepliaklqana
Kikubaaqudgha
Makhleb
Nemelex Xobeh
Okawaru
Qazlal
Ru
Sif Muna
Trog
Uskayaw
Vehumet
Wu Jian
Yredelemnul
Zin
The Shining One .# .... ..# ... hz#

# #.# #.##§##
#.huzh####.#
##..#♣......#
#...#.#######
#.#.....#
#.###.#.#
.......†#.#
#..####.#.#
#. ..#.#
..#.# #..#.#


You could see a purple ugly thing, 2 black bears and a wight.


Message History

A wight comes into view. It is wielding a +4 long sword.
The purple ugly thing kicks you!
* * * LOW HITPOINT WARNING * * *
Unknown command.
Unknown command.
A black bear comes into view.
Unknown command.
Unknown command.
Okay, then.
It was a potion of lignification.
You turn into a tree.
Your +1 cloak melds into your body.
Your +0 helmet melds into your body.
Your +0 pair of gloves melds into your body.
Your +0 pair of boots melds into your body.
Your +0 leather armour melds into your body.
Your roots penetrate the ground.
It was a potion of enlightenment.
Your roots keep you in place.
It was a potion of attraction.
You feel attractive to monsters.
The purple ugly thing completely misses you.
The wight is attracted toward you. The black bear is attracted toward you.
It was a potion of resistance.
You feel protected.
The purple ugly thing kicks you but does no damage.
The wight hits you with a +4 long sword.
* * * LOW HITPOINT WARNING * * *
You feel drained.
It was a potion of might.
You feel very mighty all of a sudden. The purple ugly thing kicks you!
You die...

Skill      XL: |  1  2  3  4  5  6  7  8  9 |
---------------+----------------------------+-----
Armour         | 1 2 3 4 5 7 |  7.4
Fighting       | 3 4 5 6 8 |  8.5
Axes           | 4 5 7 8 |  8.7
Throwing       | |  1.7
Dodging        | |  2.6

Action                     |  1- 3 |  4- 6 |  7- 9 | 10-12 || total
---------------------------+-------+-------+-------+-------++-------
  Melee: War axe           |   107 |   161 |   333 |    37 ||   638
         Dagger            |       |    64 |   319 |    36 ||   419
  Evoke: Wand              |       |       |     7 |     3 ||    10
    Use: Scroll            |       |       |     9 |     2 ||    11
         Potion            |       |       |     2 |     6 ||     8
   Stab: Sleeping          |     1 |       |       |       ||     1
 Armour: Leather armour    |    77 |    84 |   270 |    33 ||   464
         Skin              |       |       |       |     3 ||     3
  Dodge: Dodged            |    89 |   121 |   271 |    21 ||   502

Levels and vault maps discovered:
D:1:      shiori_arrival_elements, layout_loops_corners, minmay_tromino_v4_a
D:2:      layout_basic, nrook_campfire
D:3:      layout_rooms, roderic_filled_cross
D:4:      layout_basic, lemuel_round_altar, mainiacjoe_overflow_six_doors_small,
          grunt_temple_overflow_growth_and_decay
D:5:      kennysheep_six_static_rooms, layout_gridville,
          minmay_misc_feat_four_crosses, uniq_prince_ribbit1
D:6:      layout_basic, grunt_ministairs_2, minmay_divided_ellipse
D:7:      layout_rooms, minmay_temple_entry_hall, st_stairs_10
D:8:      minmay_the_grid_octo_tiled_squarecenter
          [minmay_the_grid_octo_odd_swirl, minmay_the_grid_octo_77,
          minmay_the_grid_octo_checkerflower, minmay_the_grid_octo_fat_diamond,
          minmay_the_grid_square_5x5_megaprize_open,
          minmay_the_grid_square_5x5_spiral_small,
          minmay_the_grid_square_5x5_comb, minmay_the_grid_square_5x5_dogpile,
          minmay_the_grid_square_5x5_hourglass], layout_basic, xom_butterflies,
          dpeg_lair_monsters
Temple:   bh_familiar_temple

Notes
Turn   | Place    | Note
-------+----------+-------------------------------------------
     0 | D:1      | cforsyth the Coglin Gladiator began the quest for the Orb.
     0 | D:1      | Reached XP level 1. HP: 16/16 MP: 1/1
   272 | D:1      | Reached XP level 2. HP: 22/22 MP: 2/2
   339 | D:1      | Reached skill level 1 in Armour
   535 | D:1      | Reached XP level 3. HP: 28/28 MP: 3/3
  1234 | D:2      | Noticed a phantom
  1248 | D:2      | Killed a phantom
  1249 | D:2      | Reached skill level 3 in Fighting
  1249 | D:2      | Reached skill level 4 in Axes
  1249 | D:2      | Reached skill level 2 in Armour
  1249 | D:2      | Reached XP level 4. HP: 9/35 MP: 4/4
  1249 | D:2      | Reached XP level 5. HP: 11/41 MP: 5/5
  2816 | D:4      | Reached XP level 6. HP: 48/48 MP: 6/6
  2838 | D:4      | Found an opulent altar of Gozag.
  2862 | D:4      | Found a sacrificial altar of Ru.
  2871 | D:4      | Reached skill level 4 in Fighting
  2871 | D:4      | Reached skill level 3 in Armour
  3091 | D:4      | Found an ancient bone altar of Kikubaaqudgha.
  3091 | D:4      | Found a blossoming altar of Fedhas.
  3350 | D:4      | Reached skill level 5 in Axes
  3350 | D:4      | Reached XP level 7. HP: 52/55 MP: 7/7
  3577 | D:5      | Entered Level 5 of the Dungeon
  4277 | D:5      | Reached skill level 5 in Fighting
  4277 | D:5      | Reached skill level 4 in Armour
  4394 | D:5      | Reached XP level 8. HP: 63/63 MP: 8/8
  4816 | D:5      | Reached skill level 6 in Axes
  4974 | D:5      | Noticed Prince Ribbit
  4984 | D:5      | Killed Prince Ribbit
  5081 | D:5      | Reached skill level 6 in Fighting
  5081 | D:5      | Reached skill level 5 in Armour
  5871 | D:6      | HP: 6/65 [something/ball of steam (9)]
  5879 | D:6      | HP: 5/65 [gnoll/+0 spear[a gnoll bouda] (3)]
  6247 | D:6      | Reached skill level 7 in Axes
  6247 | D:6      | Reached XP level 9. HP: 19/71 MP: 9/9
  6631 | D:6      | Reached skill level 7 in Fighting
  6736 | D:6      | Noticed a hornet
  6755 | D:6      | Reached skill level 6 in Armour
  6755 | D:6      | Killed a hornet
  6923 | D:6      | Identified a scarf of resistance
  7636 | D:6      | Reached skill level 8 in Axes
  8117 | D:7      | Reached skill level 8 in Fighting
  8151 | D:7      | Reached skill level 7 in Armour
  8265 | D:7      | Reached XP level 10. HP: 81/81 MP: 10/10
  8386 | D:7      | Found a staircase to the Ecumenical Temple.
  8444 | Temple   | Entered the Ecumenical Temple
  8467 | Temple   | Became a worshipper of the Shining One
  8504 | D:7      | Got Mumas's Textbook on Glacial Fate
  8731 | D:8      | Identified the +3 dagger of Guythy {freeze, rF+ SInv}
  8780 | D:8      | Noticed a purple ugly thing
  9033 | D:8      | HP: 4/82 [purple ugly thing (13)]
  9038 | D:8      | Identified 2 potions of resistance
  9038 | D:8      | HP: 7/123 [wight/+4 long sword (1)]
  9039 | D:8      | Slain by a purple ugly thing

Vanquished Creatures
  A hornet (D:6)
  Prince Ribbit (D:5)
  A steam dragon (D:6)
  An acid dragon (D:6)
  4 water moccasins
  2 ice beasts (D:6)
  A sky beast (D:7)
  2 centaurs
  2 phantoms
  A kobold brigand (D:5)
  4 bullfrogs
  2 gnoll sergeants
  5 scorpions
  2 wights
  5 killer bees (D:6)
  A bombardier beetle (D:6)
  3 gnoll boudas
  An orc priest (D:6)
  7 hounds
  4 jellies
  2 orc wizards (D:6)
  A sleepcap (D:5)
  2 iguanas (D:6)
  10 adders
  12 gnolls
  3 shadow imps
  2 white imps
  2 ufetubi (D:7)
  6 dart slugs
  3 ribbon worms
  9 orcs
  6 ball pythons
  7 endoplasms
  4 giant cockroaches
  8 goblins
  9 hobgoblins
  4 jackals (D:1)
  7 quokkas
  4 bats
  2 frilled lizards
  5 kobolds
  7 rats
165 creatures vanquished.

Vanquished Creatures (others)
  A gnoll (D:6)
1 creature vanquished.

Grand Total: 166 creatures vanquished

Table legend: (Time is in decaauts)
 A = Elapsed time spent in this place.
 B = Non-inter-level travel time spent in this place.
 C = Inter-level travel time spent in this place.
 D = Time resting spent in this place.
 E = Time spent auto-exploring this place.
 F = Levels seen in this place.
 G = Mean time per level.
                   A        B        C        D        E       F      G
               +--------+--------+--------+--------+--------+-----+--------+
         Total |   9086 |   8844 |    242 |   1920 |   5464 |   9 | 1009.6 |
       Dungeon |   9040 |   8843 |    197 |   1920 |   5464 |   8 | 1130.0 |
        Temple |     45 |      1 |     44 |      0 |      0 |   1 |   45.0 |
               +--------+--------+--------+--------+--------+-----+--------+

Top non-repeatable levels by time:
     D:6: 2077 daAuts
     D:5: 1950 daAuts
     D:4: 1387 daAuts
     D:1: 1102 daAuts
     D:2: 991 daAuts
     D:7: 633 daAuts
     D:3: 508 daAuts
     D:8: 390 daAuts
  Temple: 45 daAuts

Table legend:
 A = Non-vault XP
 B = Vault XP
 C = Vault XP percentage of total XP
 D = Non-vault monster count
 E = Vault monster count
 F = Vault count percentage of total count
                 A         B        C        D         E       F
            +---------+---------+-------+---------+---------+-------
      Total |    3151 |    2058 |  39.5 |     135 |      30 |  18.2
            +---------+---------+-------+---------+---------+-------
        D:1 |      47 |       4 |   7.8 |      24 |       3 |  11.1
        D:2 |     169 |       0 |   0.0 |      21 |       0 |   0.0
        D:3 |      52 |       0 |   0.0 |      19 |       0 |   0.0
        D:4 |     396 |      10 |   2.5 |      19 |       1 |   5.0
        D:5 |     500 |     675 |  57.4 |      16 |       6 |  27.3
        D:6 |     962 |    1169 |  54.9 |      20 |      17 |  45.9
        D:7 |     819 |      42 |   4.9 |      12 |       1 |   7.7
        D:8 |     206 |     158 |  43.4 |       4 |       2 |  33.3
            +---------+---------+-------+---------+---------+-------
